 Dungeon Sprint DCSS version 0.16-a0-4004-g8d6611c (webtiles) character file.

7200000 PolkaDot the Grand Master (level 24, -50/227 HPs)
             Began as a Vampire Monk on Feb 15, 2015.
             Was the Champion of Makhleb.
             Annihilated by The Captor
             ... wielding a +9 triple sword of slicing
              (164 damage)
             ... in the Dungeon (Sprint VIII: "Arena of Blood").
             The game lasted 00:02:31 (72 turns).

PolkaDot the Grand Master (Vampire Monk)              Turns: 72, Time: 00:02:31

Health: -50/227    AC:  4    Str:  5 (11) XL:     24   Next: 60%
Magic:  29/48      EV: 38    Int: 12      God:    Makhleb [******]
Gold:   0          SH:  0    Dex: 23      Spells: 0 memorised, 77 levels left

rFire  . . .     SeeInvis +     i - +∞ Axe of Woe
rCold  . . .     Clarity  .     a - +0 robe
rNeg   + . .     SustAb   .     (no shield)
rPois  .         Gourm    .     (no helmet)
rElec  .         Spirit   .     (no cloak)
rCorr  .         Warding  .     (no gloves)
rMut   .         NoTele   +     (no boots)
MR     ++...                    (no amulet)
Stlth  ++++++++++               (no ring)
                                (no ring)

@: very resistant to hostile enchantments, uncannily stealthy
A: bottle blood, fangs 3, see invisible, unbreathing
a: Bat Form, Minor Destruction, Lesser Servant of Makhleb, Major Destruction,
Greater Servant of Makhleb, Renounce Religion


You were in the Dungeon.
You worshipped Makhleb.
Makhleb was exalted by your worship.
You were not thirsty.

You visited 1 branch

Inventory:

Hand weapons
 i - the +∞ Axe of Woe (weapon)
   (You found it in the Dungeon)
Armour
 a - a +0 robe (worn)
Scrolls
 h - a scroll of blinking
Potions
 b - a potion of blood {@*1}
 c - a potion of curing
 d - a potion of heal wounds
 e - a potion of haste
 f - 2 potions of magic
 g - a potion of berserk rage


   Skills:
 O Level 27 Fighting
 O Level 27 Axes
 O Level 27 Throwing
 O Level 27 Armour
 O Level 27 Dodging
 O Level 27 Stealth
 O Level 27 Unarmed Combat
 O Level 27 Spellcasting
 O Level 27 Invocations


You had 77 spell levels left.
You didn't know any spells.

Dungeon Overview and Level Annotations

Branches:
Dungeon (1/1)

Altars:
Makhleb

Annotations:
D The Captor


Innate Abilities, Weirdness & Mutations

You can bottle blood from corpses.
You have razor-sharp teeth.
You have supernaturally acute eyesight.
You can survive without breathing.


Message History

You struggle to detach yourself from the web.
You hear a shout! x5
The meat berserker rages.
You hear a shout! x2
The bag of meat hits you with a +9 war axe!!
You hear a shout!
The Captor gestures wildly while chanting.
The Captor seems to speed up.
The destroyer blinks!
You hear a shout! x3
The meat berserker hits you with a +9 battleaxe!!!
* * * LOW HITPOINT WARNING * * *
You hear a shout!
The bag of meat hits you with a +9 war axe!!
* * * LOW HITPOINT WARNING * * *
A bag of meat comes into view. It is wielding a +9 war axe.
You disentangle yourself.
You hear a shout!
The Captor hits you with a +9 triple sword of slicing!!!!!
Ouch! That really hurt!
You die...

...###)).......#.#.#..
#.......###..........#
#.......#...L)...%....
#.......#..X.........#.
....%....o...)))........
...%...x..#O))#o.o...#
........#..).#OOo..#
...##....O#@oo..#
.#......#@ooo#
#...###O.o.#..... ..W.
....#.... .
................
##..V... ..###
#.......#### ....####
###


You could see a tyrant, a destroyer, a large abomination, The Captor, 5 meat
berserkers and 10 bags of meat.

Vanquished Creatures
  3 greater mummies (D)
  2 hell beasts (D)
  3 hill giants (D)
  15 ogres (D)
  41 orcs (D)
  2 skeletal warriors (D)
  5 vampire knights (D)
  2 wraiths (D)
  2 large abominations (D)
  4 small abominations (D)
  A soul eater (D)
  3 crawling corpses (D)
83 creatures vanquished.

Vanquished Creatures (others)
  A crawling corpse (D)
1 creature vanquished.

Grand Total: 84 creatures vanquished

Notes
Turn   | Place    | Note
--------------------------------------------------------------
     0 | D        | PolkaDot, the Vampire Monk, began the quest for the Orb.
     0 | D        | Reached XP level 1. HP: 17/17 MP: 1/1
     3 | D        | Noticed a bag of meat
     3 | D        | Noticed a bag of meat
     3 | D        | Noticed a bag of meat
     3 | D        | Noticed a meat berserker
     3 | D        | Noticed a meat berserker
     4 | D        | Became a worshipper of Makhleb the Destroyer
     4 | D        | Acquired Makhleb's first power
     4 | D        | Acquired Makhleb's second power
     5 | D        | Noticed a bag of meat
     5 | D        | Noticed a bag of meat
     5 | D        | Noticed a bag of meat
     6 | D        | Noticed a bag of meat
     7 | D        | Killed a meat berserker
     7 | D        | Reached skill level 12 in Fighting
     7 | D        | Reached skill level 14 in Dodging
     7 | D        | Reached skill level 21 in Unarmed Combat
     7 | D        | Reached XP level 2. HP: 20/38 MP: 2/2
     7 | D        | Reached XP level 3. HP: 23/44 MP: 3/3
     7 | D        | Reached XP level 4. HP: 26/51 MP: 4/4
     7 | D        | Reached XP level 5. HP: 29/57 MP: 5/5
     7 | D        | Reached XP level 6. HP: 32/64 MP: 6/6
     7 | D        | Reached XP level 7. HP: 35/70 MP: 7/7
     7 | D        | Reached XP level 8. HP: 38/76 MP: 8/8
     7 | D        | Reached XP level 9. HP: 41/82 MP: 9/9
     7 | D        | Reached XP level 10. HP: 44/89 MP: 10/10
     7 | D        | Reached XP level 11. HP: 46/95 MP: 11/11
     8 | D        | Noticed a bag of meat
     8 | D        | Killed a meat berserker
     8 | D        | Reached skill level 23 in Unarmed Combat
     8 | D        | Reached XP level 12. HP: 19/107 MP: 12/12
     8 | D        | Killed a bag of meat
     8 | D        | Acquired Makhleb's third power
     8 | D        | Reached skill level 15 in Fighting
     8 | D        | Reached skill level 10 in Stealth
     8 | D        | Reached skill level 25 in Unarmed Combat
     8 | D        | Reached XP level 13. HP: 51/116 MP: 13/13
     8 | D        | Killed a bag of meat
     8 | D        | Reached skill level 1 in Axes
     8 | D        | Reached skill level 27 in Unarmed Combat
     9 | D        | Noticed a meat berserker
     9 | D        | Noticed a bag of meat
     9 | D        | Killed a bag of meat
     9 | D        | Acquired Makhleb's fourth power
     9 | D        | Reached XP level 14. HP: 108/129 MP: 14/14
     9 | D        | Killed a bag of meat
     9 | D        | Killed a bag of meat
     9 | D        | Reached skill level 5 in Axes
     9 | D        | Reached XP level 15. HP: 138/141 MP: 15/15
    10 | D        | Noticed a bag of meat
    10 | D        | Noticed a bag of meat
    10 | D        | Noticed a large bag of meat
    10 | D        | Killed a meat berserker
    10 | D        | Acquired Makhleb's fifth power
    10 | D        | Killed a bag of meat
    11 | D        | Noticed a bag of meat
    11 | D        | Killed a bag of meat
    11 | D        | Reached skill level 15 in Stealth
    12 | D        | Killed a bag of meat
    12 | D        | Reached skill level 27 in Dodging
    12 | D        | Reached XP level 16. HP: 156/159 MP: 16/16
    13 | D        | Noticed a meat berserker
    13 | D        | Killed a bag of meat
    13 | D        | Reached skill level 10 in Axes
    13 | D        | Killed a bag of meat
    14 | D        | Noticed a bag of meat
    14 | D        | Noticed a meat berserker
    14 | D        | Killed a large bag of meat
    14 | D        | Reached skill level 27 in Fighting
    14 | D        | Killed a bag of meat
    14 | D        | Reached XP level 17. HP: 174/174 MP: 17/17
    14 | D        | Killed a bag of meat
    15 | D        | Noticed a bag of meat
    15 | D        | Noticed a bag of meat
    15 | D        | Noticed a bag of meat
    15 | D        | Killed a meat berserker
    16 | D        | Noticed a bag of meat
    16 | D        | Noticed a bag of meat
    16 | D        | Noticed a bag of meat
    17 | D        | Noticed a meat berserker
    17 | D        | Killed a meat berserker
    18 | D        | Noticed a bag of meat
    18 | D        | Killed a bag of meat
    19 | D        | Noticed a bag of meat
    19 | D        | Killed a bag of meat
    19 | D        | Reached XP level 18. HP: 182/182 MP: 18/18
    20 | D        | Noticed a bag of meat
    20 | D        | Noticed a meat berserker
    21 | D        | Killed a bag of meat
    21 | D        | Reached skill level 27 in Axes
    21 | D        | Killed a meat berserker
    21 | D        | Reached skill level 27 in Stealth
    22 | D        | Noticed a large bag of meat
    22 | D        | Killed a bag of meat
    22 | D        | Reached skill level 5 in Throwing
    22 | D        | Reached skill level 5 in Armour
    22 | D        | Killed a bag of meat
    23 | D        | Noticed a bag of meat
    23 | D        | Killed a bag of meat
    23 | D        | Reached skill level 10 in Spellcasting
    23 | D        | Reached skill level 10 in Invocations
    23 | D        | Killed a bag of meat
    23 | D        | Reached XP level 19. HP: 189/189 MP: 18/37
    25 | D        | Noticed a bag of meat
    25 | D        | Noticed a bag of meat
    25 | D        | Noticed a destroyer
    25 | D        | Killed a bag of meat
    25 | D        | Killed a bag of meat
    26 | D        | Killed a meat berserker
    26 | D        | Reached skill level 15 in Spellcasting
    26 | D        | Reached skill level 15 in Invocations
    27 | D        | Noticed a bag of meat
    28 | D        | Killed a bag of meat
    28 | D        | Reached skill level 15 in Throwing
    28 | D        | Reached skill level 15 in Armour
    29 | D        | Killed a destroyer
    30 | D        | Killed a large bag of meat
    30 | D        | Reached XP level 20. HP: 197/197 MP: 19/41
    30 | D        | Killed a bag of meat
    32 | D        | Noticed a bag of meat
    32 | D        | Noticed a bag of meat
    32 | D        | Killed a bag of meat
    33 | D        | Killed a bag of meat
    35 | D        | Noticed a bag of meat
    35 | D        | Noticed an eight-headed meat hydra
    36 | D        | Noticed a destroyer
    37 | D        | Noticed a meat berserker
    37 | D        | Noticed a bag of meat
    37 | D        | Noticed a bag of meat
    37 | D        | Noticed a large bag of meat
    38 | D        | Noticed a bag of meat
    38 | D        | Noticed a sculptor of flesh
    38 | D        | Killed a meat berserker
    39 | D        | Noticed a bag of meat
    39 | D        | Killed a bag of meat
    39 | D        | Killed a bag of meat
    40 | D        | Noticed a sculptor of flesh
    40 | D        | Killed a destroyer
    41 | D        | Noticed a meat berserker
    41 | D        | Noticed an accursed
    41 | D        | Noticed a destroyer
    41 | D        | Noticed a large bag of meat
    41 | D        | Noticed a bag of meat
    42 | D        | Noticed a bag of meat
    42 | D        | Killed a large bag of meat
    42 | D        | Reached XP level 21. HP: 158/204 MP: 22/45
    43 | D        | Killed a bag of meat
    43 | D        | Killed a bag of meat
    44 | D        | Noticed a meat berserker
    44 | D        | Noticed a destroyer
    44 | D        | Noticed a destroyer
    44 | D        | Killed a bag of meat
    44 | D        | Killed a sculptor of flesh
    45 | D        | Noticed a meat berserker
    45 | D        | Noticed an accursed
    45 | D        | Noticed a bag of meat
    45 | D        | Noticed a bag of meat
    46 | D        | Noticed a bag of meat
    46 | D        | Killed a meat berserker
    47 | D        | Noticed a bag of meat
    47 | D        | Killed a bag of meat
    48 | D        | Noticed a bag of meat
    48 | D        | Killed a meat berserker
    48 | D        | Killed a destroyer
    48 | D        | Killed a bag of meat
    48 | D        | Reached XP level 22. HP: 212/212 MP: 23/47
    49 | D        | Noticed a meat berserker
    50 | D        | Killed a bag of meat
    50 | D        | Killed a bag of meat
    50 | D        | Reached skill level 27 in Spellcasting
    50 | D        | Reached skill level 27 in Invocations
    52 | D        | Noticed a bag of meat
    52 | D        | Noticed an accursed
    52 | D        | Killed a bag of meat
    52 | D        | Killed a meat berserker
    53 | D        | Noticed an accursed
    53 | D        | Killed an accursed
    53 | D        | Reached skill level 27 in Throwing
    53 | D        | Reached skill level 27 in Armour
    53 | D        | Killed a meat berserker
    54 | D        | Noticed a meat berserker
    54 | D        | Killed a destroyer
    54 | D        | Killed a bag of meat
    55 | D        | Noticed a bag of meat
    55 | D        | Killed a bag of meat
    55 | D        | Reached XP level 23. HP: 198/219 MP: 25/48
    56 | D        | Noticed a dread
    56 | D        | Noticed a bag of meat
    56 | D        | Killed a dread
    57 | D        | Noticed a bag of meat
    57 | D        | Killed a sculptor of flesh
    57 | D        | Noticed a bag of meat
    58 | D        | Killed an accursed
    59 | D        | Noticed a meat berserker
    59 | D        | Killed a bag of meat
    60 | D        | Killed a bag of meat
    61 | D        | Noticed a meat beast
    61 | D        | Noticed a meat berserker
    61 | D        | Killed a bag of meat
    62 | D        | Noticed a dread
    62 | D        | Killed a destroyer
    63 | D        | Noticed a bag of meat
    63 | D        | Killed a bag of meat
    64 | D        | Noticed a meat berserker
    64 | D        | Killed an accursed
    64 | D        | Reached XP level 24. HP: 227/227 MP: 27/48
    65 | D        | Killed a meat berserker
    65 | D        | Killed a meat berserker
    65 | D        | Killed a meat berserker
    66 | D        | Noticed a meat beast
    66 | D        | Killed a dread
    67 | D        | Noticed a meat berserker
    67 | D        | Noticed a tyrant
    67 | D        | Killed a meat beast
    68 | D        | Noticed a meat berserker
    68 | D        | Noticed a bag of meat
    68 | D        | Noticed a meat berserker
    68 | D        | Noticed a dread
    68 | D        | Noticed a bag of meat
    69 | D        | Killed a meat beast
    70 | D        | Noticed a bag of meat
    70 | D        | Noticed a destroyer
    70 | D        | Noticed The Captor
    70 | D        | Noticed a meat berserker
    70 | D        | Noticed a bag of meat
    70 | D        | Noticed an accursed
    70 | D        | Noticed a large bag of meat
    72 | D        | Noticed a bag of meat
    72 | D        | Annihilated by The Captor

Action                   |  1- 3 |  4- 6 |  7- 9 | 10-12 | 13-15 | 16-18 | 19-21 | 22-24 || total
-------------------------+-------+-------+-------+-------+-------+-------+-------+-------++-------
Melee: Executioner's axe |     1 |       |       |     1 |     4 |     9 |    16 |    19 ||    50
